 Dungeon Crawl Stone Soup version 0.24.0-41-g2ae2f7f1be (webtiles) character file.

Game seed: 544956549373745634, levelgen mode: deterministic

2239 ANON1729 the Skirmisher (level 9, -2/72 HPs)
             Began as a Demonspawn Gladiator on Nov 10, 2019.
             Was a Believer of Makhleb.
             Shot with a sling bullet by Joseph (11 damage)
             ... on level 7 of the Dungeon on Dec 13, 2019.
             The game lasted 00:12:14 (7595 turns).

ANON1729 the Skirmisher (Demonspawn Gladiator)      Turns: 7595, Time: 00:12:14

Health: -2/72      AC:  7    Str: 20    XL:     9   Next: 14%
Magic:  10/10      EV: 22    Int: 12    God:    Makhleb [**....]
Gold:   393        SH:  0    Dex: 20    Spells: 8/8 levels left

rFire    . . .     SeeInvis .   a - +0 quarterstaff
rCold    + + .     Gourm    .   (shield currently unavailable)
rNeg     + . .     Faith    .   A - +1 leather armour {rC+}
rPois    .         Spirit   .   (helmet restricted)
rElec    .         Reflect  .   (no cloak)
rCorr    .         Harm     .   (no gloves)
MR       .....                  l - +0 pair of boots
Stlth    +++.......             (no amulet)
HPRegen  0.22/turn              t - ring of protection from cold
MPRegen  0.12/turn              B - ring of positive energy

@: mighty, agile, flying
A: antennae 1, iridescent scales 1, powered by pain 1
a: Minor Destruction, Renounce Religion


You were on level 7 of the Dungeon.
You worshipped Makhleb.
Makhleb was pleased with you.
You were not hungry.

You visited 2 branches of the dungeon, and saw 8 of its levels.

You collected 393 gold pieces.

Inventory:

Hand Weapons
 a - a +0 quarterstaff (weapon)
 C - a +4 dagger of venom
 D - the +2 falchion "Wucvar" {flame, rPois rC+ MR- Str+9}
   (You found it on level 7 of the Dungeon)

   It has been specially enchanted to burn those struck by it, causing extra
   injury to most foes and up to half again as much damage against particularly
   susceptible opponents.
   Big, fiery blades are also staple armaments of hydra-hunters.
   It affects your strength (+9).
   It protects you from cold.
   It protects you from poison.
   It affects your resistance to hostile enchantments.
Missiles
 d - 3 throwing nets
 j - 7 silver boomerangs (quivered)
Armour
 l - a +0 pair of boots (worn)
 u - a +0 scale mail
 A - a +1 leather armour of cold resistance (worn)
Jewellery
 b - an uncursed ring of wizardry
 t - a ring of protection from cold (left hand)
 B - a ring of positive energy (right hand)
Scrolls
 i - 4 scrolls of remove curse
 m - 6 scrolls of magic mapping
 n - a scroll of noise {unknown}
 p - 5 scrolls of identify
 q - 2 scrolls of enchant armour {unknown}
 s - a scroll of fog {unknown}
 w - a scroll of blinking {unknown}
 x - 2 scrolls of teleportation {unknown}
 y - a scroll of fear {unknown}
 z - 2 scrolls of amnesia
 E - a scroll of enchant weapon {unknown}
Potions
 e - a potion of curing
 g - 2 potions of agility
 h - 5 potions of flight
 k - a potion of might {unknown}
 o - 2 potions of mutation {unknown}
 r - a potion of haste
 v - 2 potions of heal wounds {unknown}
Comestibles
 f - 11 rations


   Skills:
 + Level 7.1 Fighting
 + Level 6.9 Staves
 - Level 2.0 Throwing
 + Level 6.9 Dodging
 + Level 2.2 Invocations


You had 8 spell levels left.
You didn't know any spells.
Your spell library contained the following spells:

 Spells                   Type           Power        Failure   Level  Hunger
 Confusing Touch          Hex            #.....       36%         1    ##.....
 Confuse                  Hex            #.......     75%         3    ####...
 Gell's Gravitas          Tloc           #.........   75%         3    ####...
 Petrify                  Tmut/Erth      #.......     98%         4    #####..
 Metabolic Englaciation   Hex/Ice        #.........   100%        5    ######.
 Yara's Violent Unravell  Hex/Tmut       #.........   100%        5    ######.


Dungeon Overview and Level Annotations

Branches:
Dungeon (7/15)             Temple (1/1) D:5

Altars:
Ashenzari
Cheibriados
Dithmenos
Elyvilon
Fedhas
Gozag
Hepliaklqana
Kikubaaqudgha
Makhleb
Nemelex Xobeh
Okawaru
Qazlal
Ru
Trog
Uskayaw
Vehumet
Wu Jian
Xom
Yredelemnul
Zin
The Shining One
Beogh

Annotations:
D:7 3 runed translucent doors, Joseph; sipior's ghost, novice TrBe


Innate Abilities, Weirdness & Mutations

You have a pair of small antennae on your head.
You are partially covered in iridescent scales. (AC +2)
You sometimes gain a little power by taking damage.


Message History

You feel better. Joseph hits you with a +0 quarterstaff.
You hit Joseph but do no damage.
Joseph is moderately wounded.
Joseph hits you with a +0 quarterstaff!
* * * LOW HITPOINT WARNING * * *
You focus on the pain.
You feel agile all of a sudden.
Okay, then.
As you read the scroll labeled ZUMUSM TASU, it crumbles to dust.
It is a scroll of amnesia.
You feel forgetful for a moment. Joseph hits you with a +0 quarterstaff!
* * * LOW HITPOINT WARNING * * *
You focus on the pain.
You feel very mighty all of a sudden.
You feel better.
You aren't carrying any items that you can evoke.
Unknown command.
Joseph unwields a +0 quarterstaff.
Joseph wields a +0 hunting sling.
Joseph shoots a sling bullet.
The sling bullet hits you!
You die...

#.#######.###.####.##.....
#.# #......##.....
#######.###.#######.....
............# #.....
######.##### #.##.# #.#
#<##.# #.# ####.# #.# #..
#@# ### #(# ......@.#
#########


You could see Joseph.

Vanquished Creatures
  Grinder (D:4)
  Eustachio (D:5)
  Menkaure (D:5)
  2 ice beasts (D:7)
  A phantom (D:4)
  4 ogres
  2 centaurs
  3 bullfrogs
  A scorpion (D:4)
  A centaur zombie (D:7)
  2 crimson imps
  A hound (D:2)
  An orc priest (Temple)
  A centaur skeleton (D:5)
  Natasha (thrice) (D:4)
  2 iguanas
  6 orc wizards
  5 worker ants
  A hound zombie (D:5)
  3 adders
  A howler monkey skeleton (D:5)
  2 oozes
  A worm (D:2)
  A dart slug (D:3)
  3 leopard geckos
  20 orcs
  13 bats
  3 giant cockroaches
  6 goblins
  7 hobgoblins
  12 jackals
  12 kobolds
  5 quokkas
  A ball python (D:7)
  3 frilled lizards
  4 rats
136 creatures vanquished.

Notes
Turn   | Place    | Note
-------+----------+-------------------------------------------
     0 | D:1      | ANON1729 the Demonspawn Gladiator began the quest for the
                  | Orb.
     0 | D:1      | Reached XP level 1. HP: 16/16 MP: 1/1
    16 | D:1      | Upgraded the game from 0.24.0-13-gcf9b3192b9 to
                  | 0.24.0-41-g2ae2f7f1be
   194 | D:1      | Gained mutation: You have a pair of small antennae on your
                  | head. [demonic ancestry]
   194 | D:1      | Reached XP level 2. HP: 22/22 MP: 2/2
   686 | D:2      | Gained mutation: You are partially covered in iridescent
                  | scales. (AC +2) [demonic ancestry]
   686 | D:2      | Reached XP level 3. HP: 28/28 MP: 3/3
   864 | D:2      | Reached XP level 4. HP: 22/34 MP: 4/4
  1442 | D:3      | Found a burning altar of Makhleb.
  1479 | D:3      | Reached skill level 3 in Fighting
  1553 | D:3      | Reached XP level 5. HP: 23/41 MP: 5/5
  2131 | D:3      | Noticed a green death
  2135 | D:3      | Noticed an orange demon
  2135 | D:3      | Noticed a smoke demon
  2137 | D:3      | Became a worshipper of Makhleb the Destroyer
  2415 | D:4      | Found an opulent altar of Gozag.
  2429 | D:4      | Noticed Grinder
  2703 | D:4      | Noticed Natasha
  2721 | D:4      | Killed Natasha
  2858 | D:4      | Noticed Natasha
  2866 | D:4      | Killed Natasha
  2866 | D:4      | Gained mutation: You sometimes gain a little power by
                  | taking damage. [demonic ancestry]
  2866 | D:4      | Reached XP level 6. HP: 41/48 MP: 6/6
  2896 | D:4      | Noticed Natasha
  2909 | D:4      | Killed Natasha
  3131 | D:4      | Reached skill level 4 in Fighting
  3142 | D:4      | Found a snail-covered altar of Cheibriados.
  3352 | D:4      | Reached XP level 7. HP: 20/55 MP: 7/7
  3650 | D:4      | Paralysed by Grinder for 6 turns
  3675 | D:4      | Killed Grinder
  3675 | D:4      | Reached skill level 5 in Fighting
  3675 | D:4      | Reached skill level 5 in Staves
  3675 | D:4      | Reached skill level 5 in Dodging
  3966 | D:5      | Entered Level 5 of the Dungeon
  4030 | D:4      | Reached * piety under Makhleb
  4360 | D:5      | Noticed Menkaure
  4361 | D:5      | Found a staircase to the Ecumenical Temple.
  4366 | Temple   | Entered the Ecumenical Temple
  4800 | D:5      | Killed Menkaure
  4800 | D:5      | Reached XP level 8. HP: 33/63 MP: 8/8
  5182 | D:5      | Got a smoking spear
  5274 | D:5      | Reached skill level 6 in Fighting
  5791 | D:5      | Noticed Eustachio
  5874 | D:5      | Killed Eustachio
  6662 | D:6      | Found a white marble altar of Elyvilon.
  6682 | D:6      | Found a sparkling altar of Nemelex Xobeh.
  6684 | D:6      | Found a shadowy altar of Dithmenos.
  6762 | D:7      | Reached skill level 7 in Fighting
  6762 | D:7      | Reached skill level 1 in Invocations
  6762 | D:7      | Reached XP level 9. HP: 33/72 MP: 9/9
  6771 | D:7      | Got a crystal falchion
  6772 | D:7      | Identified the cursed +2 falchion "Wucvar" {flame, rPois
                  | rC+ MR- Str+9} (You found it on level 7 of the Dungeon)
  7341 | D:7      | Reached ** piety under Makhleb
  7364 | D:7      | Found a runed translucent gate.
  7365 | D:7      | Noticed sipior's ghost (novice TrBe)
  7365 | D:7      | Found a runed translucent gate.
  7366 | D:7      | Found a runed translucent gate.
  7366 | D:7      | Found a roughly hewn altar of Beogh.
  7366 | D:7      | Identified the +7 broad axe of War {drain, +Rage rPois
                  | Str+4 Dex+2}
  7577 | D:7      | Noticed Joseph
  7595 | D:7      | Shot with a sling bullet by Joseph

Levels and vault maps discovered:
D:1:      lordsloth_arrival_two_stooges, layout_basic
D:2:      layout_loops_corners
D:3:      layout_rooms, makhleb_altar_promises_db, first_ration
D:4:      layout_basic, cheibriados_altar_1, nicolae_overflow_crystal_walls,
          uniq_natasha, uniq_grinder
D:5:      layout_basic, minmay_temple_entry_proselytizer, uniq_eustachio,
          uniq_menkaure
D:6:      layout_rooms, minitemple
D:7:      layout_basic, biasface_ghost_orc_armoury, uniq_joseph
Temple:   regret_index_temple_waves

Skill      XL: |  1  2  3  4  5  6  7  8  9 |
---------------+----------------------------+-----
Throwing       | 2 |  2.0
Dodging        | 3 4 5 6 |  6.9
Staves         | 3 4 5 6 |  6.9
Fighting       | 3 4 5 7 |  7.1
Invocations    | 1 2 |  2.2

Action                   |  1- 3 |  4- 6 |  7- 9 || total
-------------------------+-------+-------+-------++-------
Melee: Quarterstaff      |    78 |   203 |   342 ||   623
       Falchion          |       |       |    16 ||    16
Throw: Boomerang         |       |     6 |    24 ||    30
       Throwing net      |       |     1 |       ||     1
Invok: Minor Destruction |       |       |     1 ||     1
  Use: Potion            |       |     4 |     3 ||     7
       Scroll            |       |       |     4 ||     4
 Stab: Sleeping          |     1 |       |     1 ||     2
  Eat: Chunk             |       |     8 |    14 ||    22
Armor: Leather armour    |    22 |    69 |    93 ||   184
Dodge: Dodged            |    56 |   142 |   319 ||   517
       Rpst.: Falchion   |       |       |     2 ||     2
